 Dungeon Crawl Stone Soup version 0.29-a0-90-gc37658a0fe (webtiles) character file.

Game seed: 6536877141124771536

178251 stormannn the Spry (level 18, -23/133 HPs)
             Began as a Djinni Ice Elementalist on Apr 15, 2021.
             Was the Champion of Makhleb.
             Blew themself up (68 damage)
             ... with an orb of destruction
             ... on level 3 of the Shoals on Apr 10, 2022.
             The game lasted 04:13:52 (31011 turns).

stormannn the Spry (Djinni Ice Elementalist)       Turns: 31011, Time: 04:13:53

Health: -23/133    AC: 12    Str: 13    XL:     18   Next: 50%
Gold:   1138       EV: 22    Int: 27    God:    Makhleb [******] SH:  6 Dex: 14

rFire   + + +      SeeInvis .   f - staff of cold
rCold   . . .      Faith    .   v - +1 buckler {rC+}
rNeg    + + .      Spirit   .   y - +2 robe {Will+}
rPois   ∞          Reflect  .   F - +2 hat
rElec   +          Harm     .   G - +2 cloak
rCorr   +          Rampage  .   r - +2 pair of gloves
Will    ++...                   (boots unavailable)
Stlth   +++.......              C - amulet of regeneration
HPRegen 1.12/turn               b - ring "Usaint" {rCorr Int+6 Stlth+}
MPRegen 0.00/turn               j - ring of the Ego {Fire Contam rElec rN++ Str+3}

@: flying
A: sickness immunity, fire resistance 2, cold vulnerability 1, float, innate
caster, HP casting, extra vitality 1
}: 1/15 runes: serpentine
a: Renounce Religion, Minor Destruction, Lesser Servant of Makhleb, Major
Destruction, Greater Servant of Makhleb


You were on level 3 of the Shoals.
You worshipped Makhleb.
Makhleb was exalted by your worship.
You visited 6 branches of the dungeon, and saw 29 of its levels.

You collected 2744 gold pieces.
You spent 1606 gold pieces at shops.

Inventory:

Hand Weapons
 N - the +7 short sword of Duty {antimagic, rN++}
   (You bought it in a shop on level 2 of the Orcish Mines)

   It reduces the magical energy of the wielder, and disrupts the spells and
   magical abilities of those it strikes.
   Natural abilities and divine invocations are not affected.
   rN:        It greatly protects you from negative energy.
 O - the +8 war axe "Puymewk" {vorpal, +Blink Stlth+}
   (You bought it in a shop on level 2 of the Orcish Mines)

   It inflicts extra damage upon your enemies.
   +Blink:    It lets you blink.
   Stlth:     It makes you more stealthy.
 P - the +1 dire flail of the Vestibule of Hell {antimagic, rF- rC++ Dex+3}
   (You bought it in a shop on level 2 of the Orcish Mines)

   It reduces the magical energy of the wielder, and disrupts the spells and
   magical abilities of those it strikes.
   Natural abilities and divine invocations are not affected.
   Dex:       It affects your dexterity (+3).
   rF:        It makes you vulnerable to fire.
   rC:        It greatly protects you from cold.
 Q - the +4 mace "Odiggaci" {elec, Dex+2}
   (You bought it in a shop on level 2 of the Orcish Mines)

   It occasionally discharges a powerful burst of electricity upon striking a
   foe.
   Dex:       It affects your dexterity (+2).
 R - the +4 great sword "Worm's Wrath" {holy, rF+ Will+ Dex+2}
   (You bought it in a shop on level 2 of the Orcish Mines)

   It has been blessed by the Shining One to cause great damage to the undead
   and demons.
   Dex:       It affects your dexterity (+2).
   rF:        It protects you from fire.
   Will:      It increases your willpower.
Missiles
 U - 2 throwing nets
Armour
 r - a +2 pair of gloves (worn)
 t - the +1 robe "Hykkuat" {Harm Str-2 Slay+3 SInv}
   (You found it on level 2 of the Shoals)

   Str:       It affects your strength (-2).
   Slay:      It affects your accuracy & damage with ranged weapons and melee
   (+3).
   SInv:      It lets you see invisible.
   Harm:      It increases damage dealt and taken.
 v - a +1 buckler of cold resistance (worn)
 y - a +2 robe of willpower (worn)
 F - a +2 hat (worn)
 G - a +2 cloak (worn)
 T - a +2 kite shield of reflection
Magical Staves
 f - a staff of cold (weapon)
 w - a staff of fire
 D - a staff of air
Jewellery
 b - the ring "Usaint" (left hand) {rCorr Int+6 Stlth+}
   (You acquired it on level 5 of the Dungeon)

   [ring of intelligence]

   Int:       It affects your intelligence (+6).
   rCorr:     It protects you from acid and corrosion.
   Stlth:     It makes you more stealthy.
 h - an amulet of the acrobat
 j - the ring of the Ego (right hand) {Fire Contam rElec rN++ Str+3}
   (You found it on level 11 of the Dungeon)

   [ring of fire]

   It enhances your fire magic.
   Str:       It affects your strength (+3).
   rF:        It protects you from fire.
   rC:        It makes you vulnerable to cold.
   rElec:     It insulates you from electricity.
   rN:        It greatly protects you from negative energy.
   Contam:    It causes magical contamination when unequipped.
 C - an amulet of regeneration (around neck)
 H - a +4 ring of protection
 W - a ring of see invisible
Wands
 d - a wand of polymorph (17)
 e - a wand of mindburst (29)
 k - a wand of flame (24)
 q - a wand of iceblast (34)
 s - a wand of digging (3)
 B - a wand of charming (17)
 K - a wand of paralysis (1)
 L - a wand of acid (15)
Scrolls
 g - 11 scrolls of teleportation
 u - 5 scrolls of enchant weapon
 E - a scroll of brand weapon
 M - 2 scrolls of magic mapping
 S - a scroll of fear
 V - 2 scrolls of identify
Potions
 a - 6 potions of attraction
 c - 8 potions of curing
 i - 6 potions of lignification
 l - 3 potions of mutation
 n - 3 potions of ambrosia
 o - a potion of resistance
 p - 3 potions of brilliance
 x - 2 potions of might
 z - 3 potions of cancellation
 A - 7 potions of haste
 J - a potion of berserk rage
Miscellaneous
 I - a phial of floods


   Skills:
 + Level 13.4 Fighting
 + Level 19.7 Dodging
 - Level 2.7 Stealth
 - Level 5.8 Shields
 * Level 17.2 Spellcasting


You had 2 spell levels left.
You knew the following spells:

 Your Spells              Type           Power      Damage    Failure   Level
a - Freeze                Ice            100%       1d11      0%          1
b - Frozen Ramparts       Ice            100%       1d12      0%          3
c - Ozocubu's Armour      Ice            100%       N/A       0%          3
d - Hailstorm             Conj/Ice       100%       3d20      1%          4
e - Metabolic Englaciati  Hex/Ice        54%        N/A       1%          5
f - Animate Skeleton      Necr           100%       N/A       0%          1
g - Ensorcelled Hibernat  Hex/Ice        100%       N/A       0%          2
h - Lesser Beckoning      Tloc           86%        N/A       0%          3
i - Animate Dead          Necr           43%        N/A       1%          4
j - Agony                 Necr           86%        N/A       1%          5
k - Summon Forest         Summ/Tloc      43%        N/A       1%          5
l - Dispersal             Tloc           43%        N/A       1%          6
m - Orb of Destruction    Conj           43%        9d12      1%          7
Your spell library was empty.

Dungeon Overview and Level Annotations

Branches:
Dungeon (12/15)            Temple (1/1) D:4            Lair (6/6) D:8
 Shoals (4/4) Lair:2        Snake (4/4) Lair:4          Orc (2/2) D:12
    Elf (0/3) Orc:2
  Slime: Lair:5-6

Altars:
Ashenzari
Cheibriados
Dithmenos
Elyvilon
Fedhas
Gozag
Hepliaklqana
Kikubaaqudgha
Makhleb
Nemelex Xobeh
Okawaru
Qazlal
Ru
Sif Muna
Trog
Uskayaw
Vehumet
Wu Jian
Xom
Yredelemnul
Zin
The Shining One

Shops:
Orc:2 [=(*   Snake:1 (!:   Snake:2 :==   Snake:4 *=?

Annotations:
D:5 1 runed translucent door, Crazy Yiuf
D:7 2 runed translucent doors
D:11 2 runed translucent doors, exclusion: orange crystal statue
Lair:3 2 transporters, Tulew's ghost, journeyman NaTm
Lair:5 exclusion: downstairs
Lair:6 exclusion: oklob plant, Kirke
Shoals:3 3 runed translucent doors


Innate Abilities, Weirdness & Mutations

You are immune to sickness and miasma.
You are immune to poison.
Your flesh is very heat resistant. (rF++)
You are vulnerable to cold. (rC-)
You float through the air rather than walking.
You learn spells naturally, not from books.
Your magical power is your life essence.
You have superior vitality. (+4 MHP)


Message History

3 tentacles come into view.
Casting: Orb of Destruction (dangerous; 1% risk of failure)
Confirm with . or Enter, or press ? or * to list all spells.
Aiming: Orb of Destruction (dangerous; 1% risk of failure)
Press: ? - help, Shift-Dir - straight line, f/p - kraken
Aim: a kraken (water, severely wounded)
A tentacle comes into view.
The tentacle barely misses you. The tentacle closely misses you.
The tentacle misses you.
Casting: Orb of Destruction (dangerous; 1% risk of failure)
Confirm with . or Enter, or press ? or * to list all spells.
Casting: Hailstorm (safe; 1% risk of failure)
Press: ? - help, Dir - look around, f - activate You feel a surge of power!
A cannonade of hail descends around you!
The hail pelts the tentacle!!
The tentacle is severely wounded.
The tentacle slaps you. The tentacle slaps you! x2
Casting: Hailstorm (safe; 1% risk of failure)
Confirm with . or Enter, or press ? or * to list all spells.
Casting: Dispersal (mildly dangerous; 1% risk of failure)
Press: ? - help, Dir - look around, f - activate The air shimmers briefly around you.
The tentacle slaps you!
The tentacle slaps you but does no damage.
A tentacle segment bursts forth from the water. x3
The tentacle closely misses you.
A tentacle segment bursts forth from the water.
You block the tentacle's attack. The tentacle slaps you.
Casting: Dispersal (mildly dangerous; 1% risk of failure)
Confirm with . or Enter, or press ? or * to list all spells.
Casting: Dispersal (mildly dangerous; 1% risk of failure)
Press: ? - help, Dir - look around, f - activate The air shimmers briefly around you.
The tentacle slaps you!! The tentacle barely misses you.
The tentacle slaps you but does no damage.
A tentacle segment bursts forth from the water. x2
The tentacle misses you. x2; The tentacle slaps you!!
The orb of destruction hits you!!!
Ouch! That really hurt!
You die...

≈≈≈≈≈≈≈≈≈≈≈≈≈≈≈≈≈≈≈≈≈≈≈≈≈≈≈≈≈≈≈≈≈
≈≈≈≈≈≈≈≈≈≈≈≈≈≈≈≈≈≈≈≈≈≈≈≈≈≈≈≈≈≈≈≈≈
≈≈≈≈≈≈≈≈≈≈≈≈≈≈≈≈≈≈≈≈≈≈≈≈≈≈≈≈≈≈≈≈≈
≈≈≈≈≈≈≈≈≈≈≈≈≈≈≈≈≈ww§≈≈≈≈≈≈≈≈≈≈≈≈≈
≈≈≈≈≈≈....≈≈≈..w≈≈§§≈≈≈≈≈≈≈≈≈≈≈≈≈
≈≈≈≈≈≈....[≈...≈≈≈§§≈≈≈≈≈≈≈≈≈≈≈≈≈
≈≈≈≈...........≈.≈§§≈X≈≈≈≈≈≈≈≈≈≈≈
≈≈≈..##..>...#...≈§§§≈°≈≈≈≈≈≈≈≈≈≈
≈≈≈≈.#..........@≈≈§§≈≈≈≈≈≈≈≈≈≈≈≈
≈≈≈≈≈....≈≈≈≈(.≈☼≈§§§≈°≈≈≈≈≈≈≈≈≈≈
≈≈≈≈≈≈.≈≈≈≈≈...≈○≈≈≈≈○○≈≈≈≈≈≈≈≈≈≈
≈≈≈≈≈≈..≈≈≈≈..≈≈≈☼○≈○..#P.P≈≈≈≈≈≈
≈≈≈≈≈....≈≈....≈≈≈≈○.####..≈≈≈≈(≈
≈≈≈≈≈....≈....≈≈≈≈≈≈.# ###.≈≈≈≈≈
≈≈≈....#.≈....≈≈≈≈≈≈.# #.≈≈≈≈≈
≈≈............≈≈≈≈≈≈)## ##.≈≈≈≈
≈≈≈≈..≈.......≈≈≈≈≈≈≈.######..≈≈≈


You could see 3 tentacles.

Vanquished Creatures
  Gastronok (D:10)
  4 nagarajas
  An orc warlord (Orc:2)
  Aizul (Snake:1)
  A sphinx (Shoals:4)
  Donald (Shoals:1)
  Ilsuiw (Shoals:2)
  14 naga warriors
  2 hydras
  Erica (Lair:2)
  5 anacondas
  3 merfolk javelineers (Shoals:2)
  3 merfolk impalers
  3 two-headed ogres
  2 merfolk avatars
  4 death yaks (Lair:6)
  2 orc high priests (Orc:2)
  An alligator snapping turtle (Shoals:4)
  3 merfolk aquamancers
  5 shock serpents
  10 satyrs
  A centaur warrior (Shoals:3)
  12 naga sharpshooters
  3 salamander mystics
  6 sea snakes
  6 naga ritualists
  8 harpies
  5 orc knights (Orc:2)
  7 mana vipers
  13 manticores
  An orc sorcerer (Orc:2)
  An ugly thing (D:11)
  15 fauns
  5 merfolk sirens
  4 cyclopes
  24 black mambas
  7 salamanders
  6 naga magi
  5 water nymphs
  9 elephants
  A gargoyle (D:12)
  7 cane toads
  A kobold demonologist (D:9)
  An efreet (D:10)
  An unseen horror (D:11)
  7 rime drakes
  4 komodo dragons
  23 merfolk
  7 dream sheep
  5 trolls
  4 slime creatures (D:12)
  A hornet (D:10)
  10 snapping turtles
  A polar bear (Lair:6)
  9 blink frogs
  Prince Ribbit (Lair:1)
  A wind drake (Shoals:4)
  Sigmund (D:5)
  A vampire (D:8)
  A shadow (D:9)
  A wraith (D:12)
  10 water elementals
  6 wyverns
  34 yaks
  Eustachio (D:5)
  4 steam dragons
  Grum (D:8)
  4 basilisks
  4 vampire mosquitoes
  Menkaure (D:5)
  3 wargs
  An acid dragon (D:12)
  24 nagas
  12 water moccasins
  21 orc warriors
  Pargi (D:4)
  4 ogres
  An ice beast (D:8)
  3 necrophages (D:7)
  5 wolves
  8 centaurs
  4 kobold brigands
  11 bullfrogs
  A gnoll sergeant (D:9)
  3 scorpions
  11 killer bees
  4 howler monkeys
  6 wights
  An electric eel (Lair:5)
  A bullfrog zombie (D:5)
  A hound (D:4)
  4 centaur zombies
  9 orc priests
  4 gnoll shamans
  2 jellies
  5 iguanas
  8 orc wizards
  14 hell rats
  A killer bee zombie (D:7)
  A hound skeleton (D:5)
  17 gnolls
  5 adders
  2 worms
  7 dart slugs
  41 orcs
  6 bats
  5 endoplasms
  2 giant cockroaches (D:2)
  8 goblins
  4 hobgoblins
  7 jackals
  2 quokkas
  8 ball pythons
  3 frilled lizards (D:1)
  12 kobolds
  5 rats
  7 snaplasher vines
  2 tentacles (Shoals:3)
676 creatures vanquished.

Vanquished Creatures (collateral kills)
  2 nagarajas (Snake:4)
  A hydra (Lair:5)
  A boulder beetle (D:10)
  5 naga warriors
  A salamander tyrant (Snake:3)
  2 anacondas
  A two-headed ogre (Orc:1)
  4 death yaks (Lair:6)
  2 orc high priests (Orc:2)
  6 naga sharpshooters
  4 shock serpents
  3 salamander mystics
  A mana viper (Snake:1)
  An orc sorcerer (Orc:2)
  8 elephants (Lair:6)
  3 salamanders
  4 black mambas
  12 naga magi
  A centaur zombie (D:10)
  A guardian serpent (Snake:4)
  3 cane toads
  A freezing wraith (D:10)
  A rime drake (Lair:6)
  A troll (Orc:2)
  A wyvern (Lair:6)
  6 yaks
  A vampire mosquito (D:10)
  4 wargs (Orc:2)
  23 nagas
  4 water moccasins
  10 orc warriors
  2 swamp drakes (Lair:6)
  11 wolves
  6 bullfrogs
  A water moccasin skeleton (D:4)
  A killer bee (D:10)
  5 orc priests
  6 orc wizards
  18 orcs
  A bush (Lair:6)
169 creatures vanquished.

Vanquished Creatures (others)
  59 fungi
  82 plants
  23 snaplasher vines
  38 tentacles (Shoals:3)
202 creatures vanquished.

Grand Total: 1047 creatures vanquished

Notes
Turn   | Place    | Note
-------+----------+-------------------------------------------
     0 | D:1      | stormannn the Djinni Ice Elementalist began the quest for
                  | the Orb.
     0 | D:1      | Reached XP level 1. HP: 15/15 MP: 0/0
   752 | D:1      | Reached XP level 2. HP: 17/21 MP: 0/0
  1668 | D:1      | Reached XP level 3. HP: 25/26 MP: 0/0
  1668 | D:1      | Learned a level 1 spell: Animate Skeleton
  2000 | D:1      | Reached skill level 1 in Fighting
  2215 | D:2      | Reached skill level 3 in Dodging
  2751 | D:2      | Reached XP level 4. HP: 30/32 MP: 0/0
  3015 | D:2      | Found a faded altar of an unknown god.
  4309 | D:4      | Noticed a kobold brigand
  4327 | D:4      | Killed a kobold brigand
  4328 | D:4      | Reached skill level 4 in Dodging
  4328 | D:4      | Reached XP level 5. HP: 33/38 MP: 0/0
  4328 | D:4      | Learned a level 2 spell: Ensorcelled Hibernation
  4505 | D:4      | Found a staircase to the Ecumenical Temple.
  4515 | Temple   | Entered the Ecumenical Temple
  5314 | Temple   | Became a worshipper of Makhleb the Destroyer
  5391 | D:4      | Noticed Purgy
  5480 | D:4      | Killed Purgy
  5481 | D:4      | Reached XP level 6. HP: 30/43 MP: 0/0
  6110 | D:5      | Entered Level 5 of the Dungeon
  6121 | D:5      | Noticed Sigmund
  6219 | D:5      | Killed Sigmund
  6220 | D:5      | Reached skill level 5 in Dodging
  6220 | D:5      | Reached skill level 5 in Spellcasting
  6220 | D:5      | Reached XP level 7. HP: 18/49 MP: 0/0
  6220 | D:5      | Learned a level 3 spell: Lesser Beckoning
  6655 | D:5      | Noticed Eustachio
  6659 | D:5      | Noticed Menkaure
  6672 | D:5      | Killed Eustachio
  6760 | D:5      | Killed Menkaure
  6761 | D:5      | Reached skill level 6 in Dodging
  6963 | D:5      | Reached XP level 8. HP: 40/56 MP: 0/0
  8031 | D:5      | Reached skill level 7 in Dodging
  8033 | D:5      | Reached * piety under Makhleb
  8326 | D:5      | Found a runed translucent door.
  8327 | D:5      | Noticed Crazy Yiuf
  8579 | D:5      | Identified a scroll of acquirement
  8579 | D:5      | Acquired the ring "Usaint" {rCorr Int+6 Stlth+}
  9206 | D:7      | Found a large runed translucent door.
  9206 | D:7      | Found a large runed translucent door.
  9210 | D:7      | Noticed a two-headed ogre
  9220 | D:7      | Reached XP level 9. HP: 62/63 MP: 0/0
  9220 | D:7      | Learned a level 4 spell: Animate Dead
  9242 | D:7      | Reached skill level 8 in Dodging
  9275 | D:7      | Reached skill level 5 in Fighting
  9276 | D:7      | Found the +15 Maxwell's patent armour {-Cast -Tele rElec
                  | Will+ rCorr}
  9289 | D:7      | Noticed a troll
  9295 | D:7      | Found a large runed translucent door.
  9295 | D:7      | Found a large runed translucent door.
  9511 | D:7      | Found a blossoming altar of Fedhas.
  9716 | D:7      | Reached skill level 9 in Dodging
 10071 | D:7      | Reached ** piety under Makhleb
 10118 | D:7      | Reached XP level 10. HP: 72/72 MP: 0/0
 10195 | D:7      | Acquired 323 gold pieces
 10368 | D:8      | Reached skill level 10 in Dodging
 10382 | D:8      | Found a staircase to the Lair.
 10773 | D:8      | Noticed Grum
 10777 | D:8      | Killed Grum
 10778 | D:8      | Reached skill level 11 in Dodging
 11337 | Lair:1   | Entered Level 1 of the Lair of Beasts
 11351 | Lair:1   | Noticed a cane toad
 11353 | Lair:1   | Killed a cane toad
 11369 | Lair:1   | Noticed Prince Ribbit
 11376 | Lair:1   | Reached *** piety under Makhleb
 11377 | Lair:1   | Reached XP level 11. HP: 69/79 MP: 0/0
 11377 | Lair:1   | Learned a level 5 spell: Agony
 11378 | Lair:1   | Killed Prince Ribbit
 12039 | Lair:2   | Reached skill level 12 in Dodging
 12056 | Lair:2   | Reached skill level 10 in Spellcasting
 12109 | Lair:2   | Reached skill level 1 in Shields
 12288 | Lair:2   | Reached XP level 12. HP: 87/87 MP: 0/0
 12604 | Lair:2   | Reached **** piety under Makhleb
 12666 | Lair:2   | Noticed Erica
 12794 | Lair:2   | Killed Erica
 12812 | Lair:2   | Reached skill level 13 in Dodging
 12857 | Lair:2   | Found a staircase to the Shoals.
 13019 | Lair:3   | Noticed an eight-headed hydra
 13065 | Lair:3   | Killed an eight-headed hydra
 13155 | Lair:3   | Found a transporter.
 13188 | Lair:3   | Noticed Tulew's ghost (journeyman NaTm)
 13191 | Lair:3   | Found a transporter.
 14395 | D:9      | Acquired a +1 buckler of cold resistance
 14409 | D:10     | Entered Level 10 of the Dungeon
 14780 | D:10     | Reached skill level 14 in Dodging
 14888 | D:10     | Reached XP level 13. HP: 94/94 MP: 0/0
 14888 | D:10     | Learned a level 5 spell: Summon Forest
 14909 | D:10     | Noticed Gastronok
 14921 | D:10     | Killed Gastronok
 15443 | D:11     | Identified the ring of the Ego {Fire Contam rElec rN++
                  | Str+3}
 15511 | D:11     | Reached ***** piety under Makhleb
 15645 | D:11     | Found a runed translucent door.
 15685 | D:11     | Found the +10 tower shield of Ignorance {rN+ Int-4}
 15695 | D:11     | Found a runed translucent door.
 16243 | D:12     | Found a staircase to the Orcish Mines.
 16393 | D:12     | Upgraded the game from 0.27-a0-988-g25969acef8 to
                  | 0.27-a0-998-g4cfe56dd59
 16702 | D:12     | Reached skill level 10 in Fighting
 16753 | Orc:1    | Entered Level 1 of the Orcish Mines
 16792 | Orc:1    | Reached skill level 15 in Dodging
 17201 | Orc:2    | Entered Level 2 of the Orcish Mines
 17351 | Orc:2    | Found Jidisaxe's Jewellery Shop.
 17426 | Orc:2    | Noticed an orc warlord
 17481 | Orc:1    | Upgraded the game from 0.27-a0-998-g4cfe56dd59 to
                  | 0.27-a0-1006-g1fd4cec11e
 17512 | Orc:2    | Found Osoh Vaogu's Antique Armour Shop.
 17518 | Orc:2    | Reached XP level 14. HP: 103/103 MP: 0/0
 17545 | Orc:2    | Found a staircase to the Elven Halls.
 17625 | Orc:2    | Killed an orc warlord
 17625 | Orc:2    | Reached ****** piety under Makhleb
 17718 | Orc:2    | Found Ahoxzo's Antique Weapon Shop.
 17872 | Orc:2    | Found Yraut's General Store.
 17881 | Orc:2    | Bought a potion of heal wounds for 70 gold pieces
 17881 | Orc:2    | Bought a potion of curing for 42 gold pieces
 18378 | Orc:2    | Bought a warped short sword for 248 gold pieces
 18378 | Orc:2    | Identified the +7 short sword of Duty {antimagic, rN++}
                  | (You bought it in a shop on level 2 of the Orcish Mines)
 18378 | Orc:2    | Bought a bloodstained war axe for 263 gold pieces
 18378 | Orc:2    | Identified the +8 war axe "Puymewk" {vorpal, +Blink Stlth+}
                  | (You bought it in a shop on level 2 of the Orcish Mines)
 18378 | Orc:2    | Bought a pitted dire flail for 279 gold pieces
 18378 | Orc:2    | Identified the +1 dire flail of the Vestibule of Hell
                  | {antimagic, rF- rC++ Dex+3} (You bought it in a shop on
                  | level 2 of the Orcish Mines)
 18378 | Orc:2    | Bought an iridescent mace for 248 gold pieces
 18378 | Orc:2    | Identified the +4 mace "Odiggaci" {elec, Dex+2} (You bought
                  | it in a shop on level 2 of the Orcish Mines)
 18378 | Orc:2    | Bought a crude great sword for 356 gold pieces
 18378 | Orc:2    | Identified the +4 great sword "Worm's Wrath" {holy, rF+
                  | Will+ Dex+2} (You bought it in a shop on level 2 of the
                  | Orcish Mines)
 18580 | Lair:3   | Upgraded the game from 0.27-a0-1006-g1fd4cec11e to
                  | 0.27-a0-1065-ge809cff456
 18711 | D:7      | Identified the ring "Ocujab" {rPois rF+ rC+ rN+ MP-9}
 19120 | Lair:4   | Found a staircase to the Snake Pit.
 20159 | Lair:6   | Entered Level 6 of the Lair of Beasts
 20159 | Lair:6   | Noticed Kirke
 20221 | Lair:6   | Reached skill level 16 in Dodging
 21097 | Snake:1  | Entered Level 1 of the Snake Pit
 21321 | Snake:1  | Noticed Aizul
 21353 | Snake:1  | Killed Aizul
 21365 | Snake:1  | Reached XP level 15. HP: 83/107 MP: 0/0
 21365 | Snake:1  | Learned a level 6 spell: Dispersal
 21798 | Snake:1  | Reached skill level 15 in Spellcasting
 21980 | Snake:1  | Found Coelitaqot's Book Shoppe.
 21983 | Snake:1  | Found Rokamn's Distillery.
 21985 | Snake:1  | Found Poth's Antique Weapon Shoppe.
 21995 | Snake:1  | Bought 2 potions of heal wounds for 100 gold pieces
 22337 | Snake:2  | Upgraded the game from 0.27-a0-1065-ge809cff456 to
                  | 0.27-a0-1147-gb3d8e82157
 22583 | Snake:2  | Reached skill level 17 in Dodging
 23094 | Snake:2  | Found Ganumuju's Jewellery Shop.
 23095 | Snake:2  | Found Goimei's Book Shoppe.
 23096 | Snake:2  | Found Lewen's Jewellery Shop.
 23637 | Snake:3  | Noticed a nagaraja
 23650 | Snake:3  | Killed a nagaraja
 24040 | Snake:3  | Reached XP level 16. HP: 87/116 MP: 0/0
 24364 | Snake:4  | Entered Level 4 of the Snake Pit
 24364 | Snake:4  | Found Ycluygamm's Assorted Antiques.
 24525 | Snake:4  | Found Siham's Magic Scroll Emporium.
 24802 | Snake:4  | Reached skill level 18 in Dodging
 24802 | Snake:4  | Reduced skill Spellcasting to level 15
 24802 | Snake:4  | Upgraded the game from 0.27-a0-1147-gb3d8e82157 to
                  | 0.29-a0-90-gc37658a0fe
 24958 | Snake:4  | Noticed a nagaraja
 24966 | Snake:4  | Killed a nagaraja
 25437 | Snake:4  | Found Adyb Isu's Jewellery Shoppe.
 25446 | Snake:4  | Noticed a nagaraja
 25456 | Snake:4  | Noticed a nagaraja
 25466 | Snake:4  | Killed a nagaraja
 25472 | Snake:4  | Killed a nagaraja
 25482 | Snake:4  | Reached XP level 17. HP: 115/123 MP: 0/0
 25482 | Snake:4  | Learned a level 7 spell: Orb of Destruction
 25586 | Snake:4  | HP: 3/123 [constriction (5)]
 26038 | Snake:4  | Got a serpentine rune of Zot
 26542 | Snake:1  | Reached skill level 19 in Dodging
 26624 | Shoals:1 | Entered Level 1 of the Shoals
 26951 | Shoals:1 | Noticed Donald
 26957 | Shoals:1 | Killed Donald
 28210 | Shoals:2 | Reached skill level 5 in Shields
 28220 | Shoals:2 | Noticed Ilsuiw
 28266 | Shoals:2 | Killed Ilsuiw
 28586 | Shoals:2 | Identified the +1 robe "Hykkuat" {Harm Str-2 Slay+3 SInv}
 28682 | Shoals:3 | Found a runed translucent gate.
 28682 | Shoals:3 | Found a runed translucent gate.
 28682 | Shoals:3 | Found a runed translucent gate.
 28961 | Shoals:3 | Noticed a kraken
 29095 | Shoals:3 | Reached XP level 18. HP: 131/131 MP: 0/0
 29593 | Shoals:4 | Entered Level 4 of the Shoals
 31011 | Shoals:3 | Blew themself up

Illustrated notes

Levels and vault maps discovered:
D:1:      mrwooster_arrival_statue_3, layout_basic
D:2:      layout_basic, serial_forest, infiniplex_forest_clump_medium,
          infiniplex_forest_end_double, infiniplex_forest_lined_corner,
          infiniplex_forest_straight_2, infiniplex_forest_clump_diagonal,
          infiniplex_forest_straight_2, infiniplex_forest_end_double,
          infiniplex_forest_end_1, infiniplex_forest_end_2,
          hellmonk_ecumenical_altar_zigzags
D:3:      layout_rooms, chequers_serial_rivers_micro_b
D:4:      layout_layer_cave, minmay_temple_entry_junction, uniq_purgy
D:5:      layout_basic, uniq_crazy_yiuf_cottage, uniq_menkaure, uniq_sigmund,
          uniq_eustachio
D:6:      layout_cave_pools
D:7:      layout_basic, fedhas_ov_isle_minmay, minmay_hollow_rounded_squares
D:8:      layout_loops_corners, minmay_lair_entry_grove, uniq_grum
D:9:      layout_roguey
D:10:     layout_loops_ring, minmay_fractal_squares_gapless_7, uniq_gastronok
D:11:     layout_roguey, chequers_guarded_unrand_ignorance
D:12:     layout_loops_ring, orc_0_dummy, portal_ice_cave_rime
Temple:   nicolae_temple_the_god_donut
Lair:1:   layout_misc_corridors, uniq_prince_ribbit2
Lair:2:   layout_concentric_octagons, elwin_shoals_entry_stream,
          grunt_megastairs_2, uniq_erica
Lair:3:   layout_hall_layers, nzn_ghost_randoct
Lair:4:   layout_gridlike, dummy_snake_entry
Lair:5:   layout_small_grid, minivault_19, infiniplex_staircase_pool
Lair:6:   wormcave, layout_long_grid, guppyfry_lair_end_dragon,
          minmay_slime_entry_oklob_open, nicolae_volcano_entry_vermiform,
          minmay_lair_drake_nest, uniq_kirke
Shoals:1: layout_shoals, uniq_donald
Shoals:2: layout_shoals, uniq_ilsuiw
Shoals:3: layout_shoals, nicolae_shoals_beach_cooler
Shoals:4: shoals_end_hellmonk_lost_city
Snake:1:  layout_gridlike, st_stairs_2, grunt_megastairs_3, minmay_shop_star,
          uniq_aizul
Snake:2:  layout_basic, special_room, minmay_shop_grove
Snake:3:  layout_misc_corridors
Snake:4:  snake_pit, layout_basic, serial_shops, shop_fountains, shop,
          nicolae_shop_crystal
Orc:1:    layout_diamond_mine, nicolae_orc_lava_room
Orc:2:    grunt_orc_gardens, layout_caves, grunt_orc_garden, grunt_orc_garden,
          grunt_orc_garden, grunt_orc_garden, mines5_lemuel

Skill      XL: |  1  2  3  4  5  6  7  8  9 10 11 12 13 14 15 16 17 18 |
---------------+-------------------------------------------------------+-----
Fighting       | 1 2 3 4 5 7 8 9 10 11 12 13 | 13.4
Dodging        | 3 4 5 6 7 9 11 12 14 15 16 17 18 19 | 19.7
Stealth        | 2 |  2.7
Spellcasting   | 4 5 6 8 9 10 11 13 14 15 15 16 17 | 17.2
Shields        | 3 4 5 |  5.8

Action                   |  1- 3 |  4- 6 |  7- 9 | 10-12 | 13-15 | 16-18 || total
-------------------------+-------+-------+-------+-------+-------+-------++-------
Melee: Unarmed           |     1 |       |       |       |       |       ||     1
       Staff             |    23 |    41 |   127 |    97 |    32 |     7 ||   327
 Cast: Freeze            |    48 |    23 |    63 |    55 |   159 |    20 ||   368
       Frozen Ramparts   |     2 |     6 |    26 |    31 |    64 |     3 ||   132
       Ensorcelled Hiber |       |     2 |     5 |     5 |    16 |     8 ||    36
       Ozocubu's Armour  |       |     2 |    12 |     6 |    25 |     3 ||    48
       Animate Skeleton  |       |     1 |    10 |       |     8 |       ||    19
       Lesser Beckoning  |       |       |    11 |       |     7 |     1 ||    19
       Hailstorm         |       |       |    10 |   122 |   246 |    88 ||   466
       Animate Dead      |       |       |     3 |     7 |    37 |    17 ||    64
       Agony             |       |       |       |     6 |    29 |     5 ||    40
       Metabolic Englaci |       |       |       |     1 |    73 |    14 ||    88
       Summon Forest     |       |       |       |       |    43 |    14 ||    57
       Dispersal         |       |       |       |       |    15 |    36 ||    51
       Orb of Destructio |       |       |       |       |       |   262 ||   262
Invok: Greater Servant o |       |       |       |       |     1 |       ||     1
Evoke: Wand              |       |     3 |       |     4 |     2 |     1 ||    10
       Phial of floods   |       |       |       |       |       |     1 ||     1
  Use: Scroll            |       |       |     8 |    11 |    13 |     6 ||    38
       Potion            |       |       |       |       |     1 |     4 ||     5
 Stab: Sleeping          |     3 |     2 |     2 |       |       |       ||     7
       Distracted        |       |       |       |       |     1 |       ||     1
Armor: Robe              |    12 |    11 |    63 |   105 |    73 |    28 ||   292
Dodge: Dodged            |    26 |    49 |   172 |   204 |   228 |   137 ||   816
Block: Buckler           |       |       |       |    53 |    73 |    42 ||   168

Table legend: (Time is in decaauts)
 A = Elapsed time spent in this place.
 B = Non-inter-level travel time spent in this place.
 C = Inter-level travel time spent in this place.
 D = Time resting spent in this place.
 E = Time spent auto-exploring this place.
 F = Levels seen in this place.
 G = Mean time per level.
                   A        B        C        D        E       F      G
               +--------+--------+--------+--------+--------+-----+--------+
         Total |  31109 |  29017 |   2092 |   5257 |  16673 |  29 | 1072.7 |
       Dungeon |  14128 |  13143 |    985 |   3082 |   7610 |  12 | 1177.3 |
        Temple |    812 |    800 |     12 |      0 |    664 |   1 |  812.0 |
          Lair |   4575 |   4051 |    524 |    299 |   2860 |   6 |  762.5 |
        Shoals |   4390 |   4198 |    192 |    749 |   2087 |   4 | 1097.5 |
     Snake Pit |   5438 |   5247 |    191 |   1045 |   2689 |   4 | 1359.5 |
  Orcish Mines |   1763 |   1577 |    186 |     82 |    763 |   2 |  881.5 |
               +--------+--------+--------+--------+--------+-----+--------+

Top non-repeatable levels by time:
     D:5: 2227 daAuts
     D:1: 2125 daAuts
 Snake:4: 1970 daAuts
Shoals:3: 1504 daAuts
 Snake:2: 1374 daAuts
     D:4: 1372 daAuts
     D:8: 1312 daAuts
   Orc:2: 1215 daAuts
     D:2: 1202 daAuts
     D:7: 1147 daAuts
 Snake:1: 1103 daAuts
Shoals:2: 1006 daAuts
 Snake:3: 990 daAuts
Shoals:1: 987 daAuts
    D:10: 982 daAuts
